 Dungeon Crawl Stone Soup version 0.21-a0 (webtiles) character file.

26 tyvek the Poker (level 3, 27/28 HPs)
             Began as a Merfolk Skald on May 18, 2017.
             Quit the game on level 1 of the Dungeon.
             The game lasted 00:01:49 (810 turns).

tyvek the Poker (Merfolk Skald)                      Turns: 810, Time: 00:01:49

Health: 27/28      AC:  3    Str: 12    XL:     3   Next: 8%
Magic:  6/6        EV: 13    Int: 12    God:
Gold:   43         SH:  0    Dex: 13    Spells: 5/6 levels left

rFire    . . .     SeeInvis .   a - +0 spear
rCold    . . .     Gourm    .   (no shield)
rNeg     . . .     Faith    .   b - +0 leather armour
rPois    .         Spirit   .   (no helmet)
rElec    .         Reflect  .   (no cloak)
rCorr    .         Harm     .   (no gloves)
MR       .....                  (no boots)
Stlth    +.........             B - amulet of rage
Regen    0.1/turn               (no ring)
MPRegen  0.1/turn               (no ring)

@: no status effects
A: change form in water, swift swim, stealthy swim
a: Evoke Berserk Rage


You were on level 1 of the Dungeon.
You were not hungry.

You visited 1 branch of the dungeon, and saw 1 of its levels.

You collected 43 gold pieces.


   Skills:
 + Level 2.5 Fighting
 * Level 3.5 Polearms
 + Level 1.1 Armour
 + Level 3.5 Dodging
 - Level 2.0 Spellcasting
 - Level 3.2 Charms


You had 5 spell levels left.
You knew the following spells:

 Your Spells              Type           Power        Failure   Level  Hunger
o - Infusion              Chrm           #...         9%          1    ##.....

Inventory:

Hand Weapons
 a - a +0 spear (weapon)
Armour
 b - a +0 leather armour (worn)
Jewellery
 B - an amulet of rage (around neck)
Scrolls
 e - a scroll of remove curse {@r2}
 g - a scroll of enchant armour {unknown}
Potions
 h - a potion of berserk rage {unknown}
Books
 c - a book of Battle

   Spells                             Type                      Level
   a - Infusion                       Charms                       1
   b - Shroud of Golubria             Charms/Translocation         2
   c - Song of Slaying                Charms                       2
   d - Spectral Weapon                Hexes/Charms                 3
   e - Regeneration                   Charms/Necromancy            3
Comestibles
 d - 2 bread rations {@e1}
 f - a chunk of flesh
 j - a royal jelly {@e3}

Dungeon Overview and Level Annotations

Branches:
Dungeon (1/15)

Altars:

....#
#....................#
....#
#..................).#
....#
#...........(#########
....# #............#
##### #............#
####.).......#
#.........#
#.........# #
#......@..# #
########### #####
....# ....# ....#
....# ....# #####


There were no monsters in sight!


Message History

No target in view!
No target in view!
No target in view!
No target in view!
Some of the chunks of flesh in your inventory have rotted away.
There is an open door here.
Found 4 gold pieces.
No target in view!
You see here 21 sling bullets.
You now have 43 gold pieces (gained 4).
Done exploring.
No target in view!
Done exploring.
No target in view!
Done exploring.
No target in view!
Done exploring.
No target in view!
Done exploring.
No target in view!
Done exploring.
No target in view!
Done exploring.
Put on which piece of jewellery? (? for menu, Esc to quit)
i - an amulet of rage (around neck);
B - an amulet of rage (around neck) Put on which piece of jewellery? (? for menu, Esc to quit)
Okay, then.
As you read the scroll labeled QIUFET DUTZOHE, it crumbles to dust.
You feel blessed for a moment.
It was a scroll of remove curse.
Are you sure you want to abandon this character and quit the game? (Confirm with "yes".)

Skill      XL: |  1  2 |
---------------+-------+-----
Dodging        | 3 |  3.5
Armour         | 1 |  1.1
Fighting       | |  2.5
Polearms       | |  3.5
Spellcasting   | |  2.0
Charms         | |  3.2

Action                   || total
-------------------------++-------
Melee: Spear             ||    92
  Use: Scroll            ||     1
 Stab: Sleeping          ||     2
Armor: Leather armour    ||    18
Dodge: Dodged            ||    38

Vault maps used:
D:1:      doesnt_arrival_goblin_jail

Notes
Turn   | Place    | Note
-------+----------+-------------------------------------------
     0 | D:1      | tyvek the Merfolk Skald began the quest for the Orb.
     0 | D:1      | Reached XP level 1. HP: 16/16 MP: 3/3
    47 | D:1      | Reached skill level 3 in Dodging
    47 | D:1      | Reached XP level 2. HP: 14/23 MP: 5/5
   172 | D:1      | Reached skill level 1 in Armour
   654 | D:1      | Reached XP level 3. HP: 26/28 MP: 6/6
   810 | D:1      | Quit the game

Vanquished Creatures
  A dart slug (D:1)
  3 leopard geckos (D:1)
  A giant cockroach (D:1)
  3 goblins (D:1)
  A hobgoblin (D:1)
  4 jackals (D:1)
  A ball python (D:1)
  A bat (D:1)
  2 frilled lizards (D:1)
  4 rats (D:1)
21 creatures vanquished.
